 Dungeon Crawl Stone Soup version 0.26.1-11-gd32895ea62 (webtiles) character file.

Game seed: 10949732606009815469

65 Zeld the Digger (level 4, 24/24 HPs)
             Began as a Gargoyle Earth Elementalist on June 7, 2021.
             Quit the game on level 2 of the Dungeon.
             The game lasted 00:05:03 (1997 turns).

Zeld the Digger (Gargoyle Earth Elementalist)       Turns: 1997, Time: 00:05:03

Health: 24/24      AC:  5    Str: 12    XL:     4   Next: 13%
Magic:  7/7        EV: 12    Int: 16    God:
Gold:   36         SH:  0    Dex: 10    Spells: 2/8 levels left

rFire    . . .     SeeInvis +   (no weapon)
rCold    . . .     Faith    .   (no shield)
rNeg     + . .     Spirit   .   c - +0 robe
rPois    ∞         Reflect  .   (no helmet)
rElec    +         Harm     .   (no cloak)
rCorr    .         Rampage  .   (no gloves)
Will     .....                  (no boots)
Stlth    ++........             (no amulet)
HPRegen  0.08/turn              a - ring of see invisible
MPRegen  0.10/turn              (no ring)

@: no status effects
A: negative energy resistance 1, electricity resistance, unbreathing,
petrification resistance, miasma immunity, AC +3
a: no special abilities


You were on level 2 of the Dungeon.
You visited 1 branch of the dungeon, and saw 2 of its levels.

You collected 36 gold pieces.

Inventory:

Armour
 c - a +0 robe (worn)
Jewellery
 a - a ring of see invisible (left hand)
Scrolls
 d - a scroll of identify {unknown}
 g - 2 scrolls of fear {unknown}
 i - a scroll of teleportation {unknown}
Potions
 e - 2 potions of invisibility {unknown}
 f - a potion of haste {unknown}
 h - a potion of degeneration {unknown}
 j - a potion of attraction {unknown}
 k - a potion of curing {unknown}
 l - a potion of lignification {unknown}


   Skills:
 + Level 2.2 Dodging
 - Level 2.1 Stealth
 + Level 2.5 Spellcasting
 - Level 0.7 Transmutations
 * Level 4.9 Earth Magic


You had 2 spell levels left.
You knew the following spells:

 Your Spells              Type           Power        Failure   Level
a - Sandblast             Erth           34%          2%          1
b - Passwall              Tmut/Erth      9%           10%         2
c - Stone Arrow           Conj/Erth      18%          22%         3

Your spell library contained the following spells:

 Spells                   Type           Power        Failure   Level
 Petrify                  Tmut/Erth      11%          52%         4
 Lee's Rapid Deconstruct  Erth           8%           58%         5


Dungeon Overview and Level Annotations

Branches:
Dungeon (2/15)

Altars:


Innate Abilities, Weirdness & Mutations

You are resistant to torment.
Your stone body is resilient. (AC +3)
You are immune to poison.
You resist negative energy. (rN+)
You are resistant to electric shocks. (rElec)
You can survive without breathing.
You are immune to petrification.
You are immune to miasma.


Message History

The kobold completely misses you.
A kobold is nearby!
You closely miss the kobold. The kobold hits you but does no damage.
You barely miss the kobold. The kobold barely misses you.
A kobold is nearby!
You hit the kobold.
The kobold is heavily wounded.
The kobold closely misses you.
You hit the kobold.
You kill the kobold!
No target in view!
No target in view!
You enter the shallow water.
Moving in this stuff is going to be slow. 2 rats come into view.
Search for what [Enter for "armor", or ? for help]? sraff Can't find anything matching that.
Search for what [Enter for "sraff", or ? for help]? staff Can't find anything matching that.
Are you sure you want to abandon this character and quit the game? (Confirm with "yes".)

##### #.@.#
#.#.# #.#r#
#########
#.#.#
........#
#.#.#
#######.#
#.#r# # #.#
#.#.# # #.#
#.#.#
########
#######.#####
#.#.#
#......<


You could see 2 rats.

Vanquished Creatures
  4 adders (D:2)
  A dart slug (D:1)
  2 leopard geckos
  A giant cockroach (D:2)
  A goblin (D:2)
  4 hobgoblins
  2 kobolds (D:2)
  7 bats
  3 frilled lizards
  3 rats
28 creatures vanquished.

Vanquished Creatures (others)
  11 plants (D:2)
11 creatures vanquished.

Grand Total: 39 creatures vanquished

Notes
Turn   | Place    | Note
-------+----------+-------------------------------------------
     0 | D:1      | Zeld the Gargoyle Earth Elementalist began the quest for
                  | the Orb.
     0 | D:1      | Reached XP level 1. HP: 10/10 MP: 3/3
   401 | D:1      | Reached XP level 2. HP: 15/15 MP: 3/5
   402 | D:1      | Reached skill level 4 in Earth Magic
   405 | D:1      | Learned a level 2 spell: Passwall
  1105 | D:2      | Reached XP level 3. HP: 19/19 MP: 4/6
  1109 | D:2      | Learned a level 3 spell: Stone Arrow
  1719 | D:2      | Reached XP level 4. HP: 24/24 MP: 3/7
  1997 | D:2      | Quit the game

Illustrated notes

Levels and vault maps discovered:
D:1:      evilmike_arrival_fibonacci_small, layout_loops_ring,
          minmay_misc_feat_room
D:2:      layout_basic, serial_bayou, serial_bayou_lagoon_a,
          serial_bayou_pond_c, serial_bayou_pond_a, serial_bayou_ford_a,
          grunt_decor_arrowhead, nrook_campfire

Skill      XL: |  1  2  3 |
---------------+----------+-----
Earth Magic    | 4 |  4.9
Dodging        | 2 |  2.2
Stealth        | |  2.1
Spellcasting   | |  2.5
Transmutations | |  0.7

Action                   |  1- 3 |  4- 6 || total
-------------------------+-------+-------++-------
Melee: Unarmed           |    14 |    23 ||    37
 Cast: Sandblast         |    43 |       ||    43
       Stone Arrow       |     1 |     2 ||     3
Armor: Robe              |    13 |    12 ||    25
Dodge: Dodged            |    29 |    31 ||    60
